 Dungeon Crawl Stone Soup version 0.30-a0-696-g2367cd04db (webtiles) character file.

Game seed: 8523961935250473536

656 wormed the Caller (level 7, -1/46 HPs)
             Began as a Demonspawn Summoner on Jan 20, 2023.
             Killed by divine providence
             ... invoked by an orc priest
              (15 damage)
             ... on level 5 of the Dungeon.
             The game lasted 00:07:29 (5331 turns).

wormed the Caller (Demonspawn Summoner)             Turns: 5331, Time: 00:07:30

Health: -1/46      AC:  4    Str:  8    XL:     7   Next: 29%
Magic:  6/14       EV: 11    Int: 19    God:
Gold:   192        SH:  4    Dex: 13    Spells: 6/15 levels left

rFire   + + .      SeeInvis .    o - staff of fire
rCold   + . .      Faith    .    (no shield)
rNeg    . . .      Spirit   .    v - +0 leather armour
rPois   .          Reflect  .    (no helmet)
rElec   .          Harm     .    (no cloak)
rCorr   .          Rampage  .    d - +0 pair of gloves
Will    .....                    (no boots)
Stlth   ++                       (no amulet)
HPRegen 0.27/turn                i - ring of protection from fire
MPRegen 0.14/turn                n - ring of protection from cold

@: no status effects
A: condensation shield, demonic magic 1, demonic touch 2
a: no special abilities


You were on level 5 of the Dungeon.
You visited 1 branch of the dungeon, and saw 5 of its levels.

You collected 192 gold pieces.

Inventory:

Hand Weapons
 j - a +2 dagger of venom
Armour
 a - a +0 robe
 d - a +0 pair of gloves (worn)
 v - a +0 leather armour (worn)
Magical Staves
 o - a staff of fire (weapon)
Jewellery
 i - a ring of protection from fire (left hand)
 n - a ring of protection from cold (right hand)
 q - an amulet of faith
 z - a +4 ring of protection
Wands
 s - a wand of iceblast (7)
Scrolls
 e - 2 scrolls of teleportation
 k - a scroll of immolation
 y - a scroll of silence
 A - a scroll of amnesia {unknown}
Potions
 b - a potion of magic
 c - a potion of attraction
 f - 8 potions of curing
 g - 3 potions of might
 h - 4 potions of haste
 l - a potion of mutation
 m - a potion of brilliance {unknown}
 p - a potion of ambrosia {unknown}
 r - 2 potions of heal wounds {unknown}
 t - a potion of resistance {unknown}
 u - a potion of lignification {unknown}
 w - a potion of degeneration {unknown}
 x - a potion of cancellation {unknown}


   Skills:
 - Level 1.7 Dodging
 - Level 1.7 Stealth
 + Level 4.7 Spellcasting
 - Level 4.0 Hexes
 + Level 6.2 Summonings


You had 6 spell levels left.
You knew the following spells:

 Your Spells              Type           Power      Damage    Failure   Level
a - Summon Small Mammal   Summ           100%       N/A       1%          1
b - Call Canine Familiar  Summ           28%        N/A       4%          3
c - Summon Guardian Gole  Hex/Summ       24%        N/A       7%          3
k - Blink                 Tloc           8%         N/A       28%         2

Your spell library contained the following spells:

 Spells                   Type           Power      Damage    Failure   Level
 Call Imp                 Summ           28%        N/A       2%          2
 Lesser Beckoning         Tloc           8%         N/A       28%         2
 Momentum Strike          Conj/Tloc      8%         3d8       28%         2
 Summon Lightning Spire   Summ/Air       16%        N/A       45%         4


Dungeon Overview and Level Annotations

Branches:
Dungeon (5/15)
 Temple: D:4-7

Altars:
Gozag
Kikubaaqudgha
Qazlal


Innate Abilities, Weirdness & Mutations

A meltable shield of frost defends you. (SH +4)
Spells you cast may paralyse adjacent enemies.
Your touch may inflict irresistible damage on your foes.


Message History

The orc priest is lightly wounded.
The orc priest barely misses you.
You closely miss the orc priest.
The orc priest is lightly wounded.
The orc priest misses you. The orc barely misses you.
The orc wizard hits you but does no damage.
The orc barely misses you. The orc priest barely misses you.
The orc wizard misses you.
You hit the orc priest. Your touch misses the orc priest.
The orc priest is moderately wounded.
The orc priest hits you with a +0 hand axe.
The orc hits you with a +0 mace. The orc wizard barely misses you.
You hit the orc priest. Your touch misses the orc priest.
The orc priest is heavily wounded.
The orc priest calls down the wrath of Beogh upon you.
Beogh smites you!
The orc wizard hits you with a +0 dagger.
You block the orc's attack.
You hit the orc priest but do no damage.
The orc priest is heavily wounded.
The orc priest barely misses you. The orc closely misses you.
The orc wizard hits you with a +0 dagger.
* * * LOW HITPOINT WARNING * * *
Casting: Call Canine Familiar (dangerous; 4% risk of failure)
Confirm with . or Enter, or press ? or * to list all spells.
Malevolent energies surge around you.
The orc priest suddenly stops moving!
The orc wizard suddenly stops moving!
The orc suddenly stops moving!
Casting: Summon Small Mammal (safe; 1% risk of failure)
Confirm with . or Enter, or press ? or * to list all spells.
Malevolent energies surge around you.
Casting: Summon Small Mammal (safe; 1% risk of failure)
Confirm with . or Enter, or press ? or * to list all spells.
Malevolent energies surge around you.
Your quokka bites the orc.
Casting: Call Canine Familiar (dangerous; 4% risk of failure)
Confirm with . or Enter, or press ? or * to list all spells.
A guardian golem appears, shielding your allies.
Malevolent energies surge around you.
The orc priest is no longer paralysed.
The orc priest calls down the wrath of Beogh upon you.
Beogh smites you!
You die...

########## #####........### ####
#.............. ...#######
#.###...####.##
.#.......#######.o......>....#
...###........h.@or..........####
#.## #.#........ro##.#.#.#.......
#.# #.#.#......9.##.#.#.##..####
#.# #.#......##..##.#.#........#
#.# #.#.......#..##....###.###.#
#.# #...##.##....##..#.....# #..
#.## #....#.#.....###...##### ###
#..# ##.#.....#...# ##.## ##.#
#.##...##...####.###


You could see an orc priest (ally target), an orc wizard (paralysed), an orc
(paralysed, ally target), a friendly guardian golem (summoned), a friendly hound
(summoned, sheltered), a friendly quokka (summoned, sheltered) and a friendly
rat (summoned, sheltered).

Vanquished Creatures
  A scorpion (D:5)
  4 adders
  A white imp (D:5)
  A worm (D:3)
  2 dart slugs
  An orc (D:4)
  2 endoplasms
  2 giant cockroaches (D:3)
  2 goblins
  5 hobgoblins
  A quokka (D:5)
  3 ball pythons
  4 bats
  3 kobolds
  2 rats
34 creatures vanquished.

Vanquished Creatures (collateral kills)
  An ogre (D:5)
  A phantom (D:5)
  2 scorpions
  A jelly (D:5)
  An iguana (D:4)
  3 adders
  2 worms (D:4)
  3 orcs
  4 bats
  6 endoplasms
  3 giant cockroaches
  3 goblins
  6 hobgoblins
  A quokka (D:1)
  5 ball pythons
  2 frilled lizards
  3 kobolds
  A rat (D:1)
48 creatures vanquished.

Vanquished Creatures (others)
  Blork the orc (D:4)
  4 gnolls (D:2)
  An orc (D:3)
  A kobold (D:2)
7 creatures vanquished.

Grand Total: 89 creatures vanquished

Notes
Turn   | Place    | Note
-------+----------+-------------------------------------------
     0 | D:1      | wormed the Demonspawn Summoner began the quest for the Orb.
     0 | D:1      | Reached XP level 1. HP: 13/13 MP: 3/3
   134 | D:1      | Gained mutation: Spells you cast may paralyse adjacent
                  | enemies. [demonic ancestry]
   134 | D:1      | Reached XP level 2. HP: 18/19 MP: 3/5
   353 | D:1      | Reached skill level 1 in Hexes
  1136 | D:2      | Gained mutation: Your touch may inflict minor irresistible
                  | damage on your foes. [demonic ancestry]
  1136 | D:2      | Reached XP level 3. HP: 24/24 MP: 3/6
  1140 | D:2      | Learned a level 3 spell: Call Canine Familiar
  1521 | D:2      | Learned a level 3 spell: Summon Guardian Golem
  1767 | D:2      | Reached XP level 4. HP: 30/30 MP: 6/8
  2094 | D:2      | Found an opulent altar of Gozag.
  2549 | D:3      | Reached XP level 5. HP: 35/35 MP: 9/9
  2704 | D:3      | Learned a level 2 spell: Blink
  3211 | D:4      | Noticed Blork the orc
  3222 | D:4      | Reached skill level 5 in Summonings
  3227 | D:4      | Killed Blork the orc
  3228 | D:4      | Gained mutation: Your touch may inflict irresistible damage
                  | on your foes. [demonic ancestry]
  3228 | D:4      | Reached XP level 6. HP: 6/41 MP: 3/11
  3608 | D:4      | Found a stormy altar of Qazlal.
  4619 | D:5      | Entered Level 5 of the Dungeon
  4780 | D:5      | Found an ancient bone altar of Kikubaaqudgha.
  5020 | D:5      | Reached skill level 6 in Summonings
  5020 | D:5      | Gained mutation: A meltable shield of frost defends you.
                  | (SH +4) [demonic ancestry]
  5020 | D:5      | Reached XP level 7. HP: 46/46 MP: 13/13
  5331 | D:5      | Killed from afar by an orc priest

Illustrated notes

Levels and vault maps discovered:
D:1:      minmay_arrival_shattered_statue, layout_basic
D:2:      layout_loops_corners, basic_altar
D:3:      layout_basic
D:4:      layout_basic, nicolae_qazlal_general_emergency, uniq_blork_the_orc
D:5:      layout_loops_ring, mainiacjoe_overflow_small_starburst,
          kennysheep_little_box

Skill      XL: |  1  2  3  4  5  6 |
---------------+-------------------+-----
Hexes          | 1 2 3 4 |  4.0
Spellcasting   | 3 4 |  4.7
Summonings     | 5 6 |  6.2
Dodging        | |  1.7
Stealth        | |  1.7

Action                   |  1- 3 |  4- 6 |  7- 9 || total
-------------------------+-------+-------+-------++-------
Melee: Unarmed           |    55 |       |       ||    55
       Dagger            |    27 |     7 |       ||    34
       Touch             |     1 |    11 |       ||    12
       Staff             |       |    58 |     7 ||    65
 Cast: Summon Small Mamm |    42 |     8 |     2 ||    52
       Call Canine Famil |     4 |    23 |     4 ||    31
       Summon Guardian G |     1 |     7 |     1 ||     9
  Use: Scroll            |     3 |     9 |       ||    12
 Stab: Distracted        |     2 |       |       ||     2
       Paralysed         |    10 |     6 |       ||    16
       Sleeping          |       |     1 |       ||     1
Armor: Robe              |    19 |    16 |       ||    35
       Leather armour    |       |    12 |     1 ||    13
Dodge: Dodged            |    50 |    45 |     9 ||   104
Block: Other             |       |       |     1 ||     1

Table legend: (Time is in decaauts)
 A = Elapsed time spent in this place.
 B = Non-inter-level travel time spent in this place.
 C = Inter-level travel time spent in this place.
 D = Time resting spent in this place.
 E = Time spent auto-exploring this place.
 F = Levels seen in this place.
 G = Mean time per level.
                   A        B        C        D        E       F      G
               +--------+--------+--------+--------+--------+-----+--------+
         Total |   5342 |   5209 |    133 |     32 |   4077 |   5 | 1068.4 |
       Dungeon |   5342 |   5209 |    133 |     32 |   4077 |   5 | 1068.4 |
               +--------+--------+--------+--------+--------+-----+--------+

Top non-repeatable levels by time:
     D:4: 1412 daAuts
     D:2: 1221 daAuts
     D:1: 1059 daAuts
     D:3: 931 daAuts
     D:5: 716 daAuts
